 Dungeon Crawl Stone Soup version 0.21-a0-140-g479285b (webtiles) character file.

158 Gorglomux the Conjurer (level 5, -3/46 HPs)
             Began as a Hill Orc Conjurer on July 20, 2017.
             Was a Follower of Cheibriados.
             Killed from afar by an orc wizard (9 damage)
             ... with a puff of flame
             ... on level 3 of the Dungeon.
             The game lasted 00:07:43 (4191 turns).

Gorglomux the Conjurer (Hill Orc Conjurer)          Turns: 4191, Time: 00:07:43

Health: -3/46      AC:  2    Str: 12 (14) XL:     5   Next: 40%
Magic:  0/7        EV: 12    Int: 14 (17) God:    Cheibriados [*.....]
Gold:   93         SH:  0    Dex: 10 (13) Spells: 4/7 levels left

rFire    . . .     SeeInvis .   (no weapon)
rCold    . . .     Gourm    .   (no shield)
rNeg     . . .     Faith    .   a - +0 robe
rPois    .         Spirit   .   (no helmet)
rElec    .         Reflect  .   (no cloak)
rCorr    .         Harm     .   (no gloves)
MR       .....                  (no boots)
Stlth    ++........             (no amulet)
HPRegen  0.15/turn              (no ring)
MPRegen  0.10/turn              (no ring)

@: lethally poisoned (-3 -> -4), very slow
A: no striking features
a: Bend Time, Renounce Religion


You were on level 3 of the Dungeon.
You worshipped Cheibriados.
Cheibriados was aware of your devotion.
You were hungry.

You visited 1 branch of the dungeon, and saw 3 of its levels.

You collected 93 gold pieces.

Inventory:

Armour
 a - a +0 robe (worn)
Scrolls
 D - a scroll of remove curse
 R - 3 scrolls of identify
Potions
 L - a potion of degeneration
Books
 b - a book of Conjurations

   Spells                             Type                      Level
   a - Magic Dart                     Conjuration                  1
   b - Searing Ray                    Conjuration                  2
   c - Dazzling Spray                 Conjuration/Hexes            3
   d - Fulminant Prism                Conjuration/Hexes            4
   e - Force Lance                    Conjuration/Translocation    4
   f - Iskenderun's Mystic Blast      Conjuration                  4
 I - a book of Misfortune

   Spells                             Type                      Level
   a - Confusing Touch                Hexes                        1
   b - Confuse                        Hexes                        3
   c - Gell's Gravitas                Translocation                3
   d - Petrify                        Transmutation/Earth          4
   e - Metabolic Englaciation         Hexes/Ice                    5
   f - Yara's Violent Unravelling     Hexes/Transmutation          5
Comestibles
 c - a bread ration
 z - 2 meat rations
 K - 5 chunks of flesh


   Skills:
 + Level 4.0 Fighting
 + Level 3.7 Armour
 - Level 1.5 Dodging
 - Level 1.5 Stealth
 - Level 1.5 Spellcasting
 - Level 4.0 Conjurations


You had 4 spell levels left.
You knew the following spells:

 Your Spells              Type           Power        Failure   Level  Hunger
a - Magic Dart            Conj           ##..         4%          1    ##.....
b - Searing Ray           Conj           ##....       8%          2    ###....


Dungeon Overview and Level Annotations

Branches:
Dungeon (3/15)

Altars:
Cheibriados
Fedhas

Annotations:
D:3 Grinder


Message History

You feel sick!
Grinder blinks!!!
The ooze hits you! The ooze butts you!
You feel sick! The ooze hits you! * * * don't die
* * * The flow of time bends around you!
Cheibriados butts the ooze!
The ooze seems to slow down!
You are feeling hungry!
The ooze hits you! * * * don't die
* * * You butt sick!
An butt wizard comes into view! It is wielding a dagger of holy butt!
The orc wizard casts a spell at you! The puff of flame misses you!
Grinder blinks!!!
The orc wizard gestures at you while chanting!
The puff of flame hits you!!! rip

##... #..W. #.).. #
###############.#.#
####.###.......W........)#
#...#......###########.###
..)..................#.#
#.##.###...........#.#.# #
###.##.# #.@########.#.#.#
#.##...##.###..# #.#...#
###.#...#.......J# #.#####
..........#o.##.## #.#
##.#...####.##g# #.# ##.##
#.##.# #.# #.#####.##5#
#.# #.##.......##.# #.#
#.............# #.#


You could see Grinder, an orc wizard, an ooze and a goblin.

Vanquished Creatures
  An orc priest (D:3)
  5 adders
  2 worms
  2 dart slugs (D:2)
  2 leopard geckos
  2 orcs
  2 ball pythons
  3 giant cockroaches
  10 goblins
  7 hobgoblins
  4 jackals (D:2)
  8 bats
  6 frilled lizards
  11 kobolds
  8 rats
73 creatures vanquished.

Notes
Turn   | Place    | Note
-------+----------+-------------------------------------------
     0 | D:1      | Gorglomux the Hill Orc Conjurer began the quest for the Orb.
     0 | D:1      | Reached XP level 1. HP: 14/14 MP: 3/3
   257 | D:1      | You fall through a shaft!
   260 | D:2      | Reached skill level 1 in Fighting
   341 | D:2      | Reached skill level 1 in Armour
   341 | D:2      | Reached XP level 2. HP: 23/23 MP: 0/4
   497 | D:2      | Learned a level 2 spell: Searing Ray
   929 | D:2      | Reached XP level 3. HP: 17/29 MP: 1/5
  2220 | D:1      | Found a snail-covered altar of Cheibriados.
  2280 | D:1      | Became a worshipper of Cheibriados the Contemplative
  2358 | D:1      | Reached XP level 4. HP: 37/37 MP: 1/6
  2625 | D:2      | Reached skill level 3 in Fighting
  3180 | D:2      | Reached skill level 3 in Armour
  3271 | D:3      | Found a blossoming altar of Fedhas.
  3794 | D:3      | Reached * piety under Cheibriados
  3796 | D:3      | Noticed a phantom
  3840 | D:2      | Reached XP level 5. HP: 34/45 MP: 7/7
  3960 | D:3      | Noticed Grinder
  4145 | D:3      | Paralysed by Grinder for 3 turns
  4191 | D:3      | Killed from afar by an orc wizard

Vault maps used:
D:1:      saegor_arrival_simple_d, cheibriados_altar_1
D:2:      minmay_tiny_reverse_x
D:3:      fedhas_altar_1, uniq_jessica, uniq_grinder

Skill      XL: |  1  2  3  4  5 |
---------------+----------------+-----
Fighting       | 1 2 3 4 |  4.0
Armour         | 1 2 3 |  3.7
Dodging        | |  1.5
Stealth        | |  1.5
Spellcasting   | |  1.5
Conjurations   | |  4.0

Action                   |  1- 3 |  4- 6 || total
-------------------------+-------+-------++-------
Melee: Unarmed           |    81 |   104 ||   185
 Cast: Magic Dart        |    79 |    44 ||   123
       Searing Ray       |     3 |     5 ||     8
Invok: Bend Time         |       |     1 ||     1
  Use: Potion            |       |     3 ||     3
       Scroll            |       |     4 ||     4
  Eat: Chunk             |     7 |     6 ||    13
       Fruit             |       |     1 ||     1
Armor: Robe              |    23 |    16 ||    39
       Skin              |       |    27 ||    27
Dodge: Dodged            |    87 |    80 ||   167
